[Event "*** Titled Tuesday Blitz"]
[Site "Chess.com"]
[Date "2019.04.02"]
[Round "5"]
[White "INDIAN-ELEPHANT"]
[Black "Genghis_K"]
[Result "1-0"]
[WhiteElo "2726"]
[BlackElo "2842"]
[TimeControl "180+2"]
[EndTime "15:00:36 PDT"]
[Termination "INDIAN-ELEPHANT won by checkmate"]

1. d4 Nf6 2. Nf3 c5 3. c3 Qc7 4. g3 g6 5. Bg2 Bg7 6. Bf4 d6 7.
O-O O-O 8. Na3 a6 9. Rc1 Bf5 10. Re1 Be4 11. Nc4 b5 12. Ncd2 Bb7 13. e4 Nh5 14. Be3 e5 15. d5 c4 16. b3 cxb3 17. axb3 Nd7 18. b4 Nb6 19. Bf1 f5 20. c4 bxc4 21.
Nxc4 Nxc4 22. Bxc4 f4 23. Bd2 Qe7 24. g4 Nf6 25. Ng5 f3 26. Qxf3 Nh5 27. Qh3 Nf4 28.
Qxh7# 1-0

[Event "*** Titled Tuesday Blitz"]
[Site "Chess.com"]
[Date "2019.04.02"]
[Round "5"]
[White "wannabe2700"]
[Black "regular_legs"]
[Result "1-0"]
[WhiteElo "2604"]
[BlackElo "2439"]
[TimeControl "180+2"]
[EndTime "15:01:05 PDT"]
[Termination "wannabe2700 won by resignation"]

1. d4 Nf6 2. c4 e6 3. Nf3 d5 4. g3 dxc4 5. Bg2 c6 6. O-O b5 7. Ne5 Bb7 8. b3 cxb3 9. axb3 Bb4 10. e3 O-O 11. Qc2 Qb6 12. Ba3 Bxa3 13. Rxa3 a5 14. Nd2 Nbd7 15. Nxc6 Kh8 16. Ne5 Nxe5 17. dxe5 Nd5 18.
Ne4 Rfc8 19. Qd2 Nc3 20. Nd6 Bxg2 21. Nxc8 Qc6 22. Qd8+ 1-0

[Event "*** Titled Tuesday Blitz"]
[Site "Chess.com"]
[Date "2019.04.02"]
[Round "5"]
[White "Phelathegreat"]
[Black "Entilza"]
[Result "1-0"]
[WhiteElo "2330"]
[BlackElo "2181"]
[TimeControl "180+2"]
[EndTime "15:01:25 PDT"]
[Termination "Phelathegreat won by resignation"]

1. d4 Nf6 2. c4 e6 3. Nf3 Bb4+ 4. Bd2 Qe7 5. g3 Nc6 6. Bg2 Ne4 7. O-O Nxd2 8. Nbxd2 Bxd2 9. Qxd2 d6 10. e4 e5 11.
d5 Nb8 12. b4 a5 13. a3 Na6 14. Qc3 Bg4 15. Rfc1 O-O 16. Ne1 c6 17. c5 Rfc8 18. Nd3 f6 19. f3 Bd7 20. dxc6 Bxc6 21. Qc4+ Qf7 22. Qxf7+ Kxf7 23. cxd6 Rd8 24. Rd1 axb4 25.
axb4 Bb5 26. Bf1 Bxd3 27. Bxd3 Nxb4 28. Bc4+ Kf8 29. Rab1 Na2 30. Rxb7 1-0

[Event "*** Titled Tuesday Blitz"]
[Site "Chess.com"]
[Date "2019.04.02"]
[Round "5"]
[White "MMSANCHEZ"]
[Black "Gabrielian_Artur"]
[Result "0-1"]
[WhiteElo "2486"]
[BlackElo "2741"]
[TimeControl "180+2"]
[EndTime "15:01:29 PDT"]
[Termination "Gabrielian_Artur won by resignation"]

1. d4 Nf6 2. c4 c5 3. d5 e6 4. Nc3 exd5 5. cxd5 d6 6. Nf3 g6 7. Bf4 Bg7 8. e3 O-O 9. h3 a6 10. a4 Re8 11. Bd3 Nbd7 12. O-O Nh5 13. Bh2 Ne5 14.
Nxe5 Bxe5 15. f4 Bg7 16. f5 Rxe3 17. fxg6 hxg6 18. Ne4 c4 19. Bc2 Qh4 20. Nxd6 Bd4 21. Kh1 Bxh3 22. Rf3 Bxg2+ 23. Kxg2 Qg4+ 24. Bg3 Nxg3 25. Rxe3 Ne2+ 26. Kf2 Qg3+ 0-1

[Event "*** Titled Tuesday Blitz"]
[Site "Chess.com"]
[Date "2019.04.02"]
[Round "5"]
[White "GukeshDommaraju"]
[Black "IakovUlivar"]
[Result "1/2-1/2"]
[WhiteElo "2616"]
[BlackElo "2527"]
[TimeControl "180+2"]
[EndTime "15:01:30 PDT"]
[Termination "Game drawn by repetition"]

1. Nf3 Nf6 2. g3 g6 3. Bg2 Bg7 4. O-O O-O 5. c4 c6 6. b3 d5 7. Bb2 Bg4 8. d4 Bxf3 9. Bxf3 e6 10. Nc3 Nbd7 11. e3 Re8 12. Rc1 a6 13. c5 e5 14.
b4 exd4 15. exd4 Nf8 16. Na4 N6d7 17. Bg4 Ne6 18. Re1 Qf6 19. Rc2 Re7 20. Rce2 Rae8 21.
h4 h5 22. Bh3 Nef8 23. Nc3 Ne6 24. Na4 Nef8 25. Nc3 Ne6 26. Na4 Nef8 1/2-1/2

[Event "*** Titled Tuesday Blitz"]
[Site "Chess.com"]
[Date "2019.04.02"]
[Round "5"]
[White "AttilaTurzo"]
[Black "Vrolijk"]
[Result "1-0"]
[WhiteElo "2573"]
[BlackElo "2836"]
[TimeControl "180+2"]
[EndTime "15:01:34 PDT"]
[Termination "AttilaTurzo won by resignation"]

1. d4 Nf6 2. c4 e6 3. g3 b6 4.
Bg2 c6 5. e4 d5 6. e5 Nfd7 7.
cxd5 cxd5 8. Ne2 Ba6 9. O-O Nc6 10. Re1 Be7 11. Qa4 Bb7 12. Nbc3 O-O 13. f4 a6 14. Be3 b5 15. Qd1 Nb6 16. b3 b4 17. Nb1 a5 18.
Nd2 Ba6 19. Nf3 Bb5 20. g4 a4 21. f5 axb3 22. axb3 Rxa1 23. Qxa1 Qa8 24. Qb1 Qa6 25.
Nf4 g5 26. Nh5 Bd3 27. Qc1 exf5 28. Qxc6 fxg4 29. Qh6 1-0

[Event "*** Titled Tuesday Blitz"]
[Site "Chess.com"]
[Date "2019.04.02"]
[Round "5"]
[White "pedro_gines"]
[Black "TheMagician"]
[Result "1-0"]
[WhiteElo "2440"]
[BlackElo "2267"]
[TimeControl "180+2"]
[EndTime "15:01:39 PDT"]
[Termination "pedro_gines won by checkmate"]

1. d4 Nf6 2. Nf3 d6 3. c4 g6 4. Nc3 Bg7 5. e4 O-O 6. Be3 Nbd7 7. Nd2 e5 8. d5 Nc5 9. Be2 a5 10. b3 c6 11. a3 cxd5 12. cxd5 b6 13. b4 axb4 14. axb4 Rxa1 15. Qxa1 Ncd7 16. O-O Nh5 17. Bxh5 gxh5 18. Nb5 h4 19. h3 Qf6 20. Qa7 Qg6 21.
Qc7 Nf6 22. Kh1 Nxe4 23. Nxe4 Qxe4 24. Nxd6 Qd3 25. Rc1 Bf5 26. Nxf5 Qxf5 27. d6 Bf6 28. Qxb6 Bd8 29. Qc6 Qe6 30. b5 f5 31. b6 Qf7 32.
b7 Bf6 33. Qc8 f4 34. Ba7 f3 35. b8=Q fxg2+ 36. Kxg2 Qd5+ 37. Kh2 Rxc8 38. Rxc8+ Kg7 39.
Qc7+ Kg6 40. Qc2+ e4 41. Be3 Be5+ 42. f4 Bxd6 43. Qg2+ Kf6 44. Re8 Qf5 45. Bd4+ Kf7 46. Qg8# 1-0

[Event "*** Titled Tuesday Blitz"]
[Site "Chess.com"]
[Date "2019.04.02"]
[Round "5"]
[White "JSPrepz"]
[Black "WanderingPuppet"]
[Result "1-0"]
[WhiteElo "2711"]
[BlackElo "2398"]
[TimeControl "180+2"]
[EndTime "15:01:40 PDT"]
[Termination "JSPrepz won by resignation"]

1. f4 Nf6 2. c4 g6 3. a4 Bg7 4. h4 c5 5. d3 Nc6 6. e3 d6 7. Nc3 O-O 8. Nf3 Bg4 9. Be2 Re8 10.
Ng5 Bxe2 11. Qxe2 e5 12. f5 gxf5 13. Qf3 h6 14. Qxf5 hxg5 15. hxg5 Qd7 16. Qf3 Ng4 17. Nd5 e4 18. dxe4 Nb4 19. Bd2 Nxd5 20. cxd5 Ne5 21. Qh5 Qg4 22. Qh7+ Kf8 23. Bc3 Qxg2 24. O-O-O b5 25. axb5 c4 26. Kb1 Rab8 27. Rhf1 Nd3 28. Qxg7+ 1-0

[Event "*** Titled Tuesday Blitz"]
[Site "Chess.com"]
[Date "2019.04.02"]
[Round "5"]
[White "AdrianaNikolova"]
[Black "Chess_for_enjoy"]
[Result "1-0"]
[WhiteElo "2470"]
[BlackElo "2516"]
[TimeControl "180+2"]
[EndTime "15:01:48 PDT"]
[Termination "AdrianaNikolova won by resignation"]

1. e4 e6 2. d4 d5 3. Nd2 c5 4.
Ngf3 Nf6 5. exd5 exd5 6. Bb5+ Bd7 7. Bxd7+ Nbxd7 8. O-O Be7 9. c3 O-O 10. Nb3 Re8 11.
dxc5 Nxc5 12. Nxc5 Bxc5 13. Bg5 Re6 14. Nd4 Rb6 15.
b4 Be7 16. Nf5 Rc8 17. Re1 Bf8 18. Qf3 Rbc6 19. Re3 Qd7 20. Rd1 g6 21. Nd4 Ne4 22. Nxc6 Nxg5 23. Qxd5 Qxd5 24. Rxd5 Rxc6 25. Rxg5 Bh6 26.
Re8+ Kg7 27. Rc5 Rd6 28. g3 1-0

[Event "*** Titled Tuesday Blitz"]
[Site "Chess.com"]
[Date "2019.04.02"]
[Round "5"]
[White "emperor87"]
[Black "DenisQ"]
[Result "1-0"]
[WhiteElo "2684"]
[BlackElo "2637"]
[TimeControl "180+2"]
[EndTime "15:01:53 PDT"]
[Termination "emperor87 won by resignation"]

1. Nf3 Nf6 2. g3 d5 3. Bg2 c6 4. O-O Bf5 5. d3 Nbd7 6. Nh4 Bg6 7. f4 e6 8. h3 Bd6 9. Qe1 d4 10. c3 c5 11. Bxb7 Rb8 12. Bg2 O-O 13. e4 dxe3 14. Nxg6 hxg6 15. Qxe3 Nd5 16. Qf2 Qc7 17. Na3 Rfd8 18.
Nc4 Be7 19. g4 N5b6 20. f5 gxf5 21. gxf5 e5 22. Kh1 Nf6 23. Nxb6 axb6 24. Be4 c4 25. Rg1 cxd3 26. Qg2 Bf8 27. Bh6 Nxe4 28. Bxg7 Kh7 29.
Bxf8 Nf2+ 30. Qxf2 Qc6+ 31. Kh2 Rxf8 32. f6 Qe4 33.
Rg4 Qe2 34. Qxe2 dxe2 35. Rag1 e1=Q 36. Rxe1 Rg8 37. Rxe5 Rxg4 38. hxg4 Kg6 39. g5 Rd8 40. Rb5 1-0

[Event "*** Titled Tuesday Blitz"]
[Site "Chess.com"]
[Date "2019.04.02"]
[Round "5"]
[White "ace_mar"]
[Black "francogreek"]
[Result "0-1"]
[WhiteElo "2265"]
[BlackElo "2405"]
[TimeControl "180+2"]
[EndTime "15:01:55 PDT"]
[Termination "francogreek won by checkmate"]

1. d4 f5 2. Nc3 Nf6 3. Bg5 d5 4. Bxf6 exf6 5. e3 c6 6. Bd3 Bd6 7. Qf3 g6 8. Nge2 Nd7 9. h4 h5 10. Nf4 Nf8 11. O-O-O Kf7 12. Rh3 a5 13. Rhh1 a4 14.
a3 b5 15. Ncxd5 cxd5 16. Qxd5+ Be6 17. Nxe6 Nxe6 18. Bxb5 Ra5 19. Qc4 Qc8 20. Qxc8 Rxc8 21. Bd3 Ra7 22. f3 Rb8 23. c3 Kg7 24. Rhg1 Rab7 25.
g4 Rxb2 26. Bc2 Bxa3 27. gxf5 Nf8 28. fxg6 Ra2+ 29. Kd2 Rbb2 30. Rc1 Nd7 31. e4 Nb6 32. Kd3 Bd6 33. Rg2 a3 34. Re2 Bf4 35. Rb1 Na4 36.
Rxb2 Nxb2# 0-1

[Event "*** Titled Tuesday Blitz"]
[Site "Chess.com"]
[Date "2019.04.02"]
[Round "5"]
[White "kingofthenil"]
[Black "Fy_Rakotomaharo"]
[Result "0-1"]
[WhiteElo "2423"]
[BlackElo "2620"]
[TimeControl "180+2"]
[EndTime "15:01:56 PDT"]
[Termination "Fy_Rakotomaharo won by resignation"]

1. e4 c5 2. d3 d5 3. exd5 Qxd5 4. Nc3 Qd8 5. Nf3 Nc6 6. g3 g6 7. Be3 b6 8. Bg2 Bb7 9. Ne5 Qc8 10. Qf3 Nd8 11.
Ne4 f5 12. O-O-O Bg7 13. Nc4 fxe4 14. dxe4 Nf6 15. Qe2 O-O 16. f3 Nc6 17. c3 b5 18.
Nd2 Nd4 19. cxd4 cxd4+ 20. Kb1 dxe3 21. Qxe3 Qe6 22. Nb3 Qb6 23. Qe2 Rfd8 24. h4 Nh5 25. Rxd8+ Rxd8 26. Rc1 Nxg3 27. Qe1 Qf6 28. Rc2 Nh5 29.
Nc5 Bc8 30. a3 Nf4 31. Bf1 a6 32. Ka2 Qd4 33. Nb3 Be6 34. Ka1 Bxb3 35. Rc3 Qd1+ 0-1

[Event "*** Titled Tuesday Blitz"]
[Site "Chess.com"]
[Date "2019.04.02"]
[Round "5"]
[White "Micki-taryan"]
[Black "vladimirdamjanovic"]
[Result "1-0"]
[WhiteElo "2955"]
[BlackElo "2548"]
[TimeControl "180+2"]
[EndTime "15:01:58 PDT"]
[Termination "Micki-taryan won by resignation"]

1. d4 Nf6 2. Nf3 c5 3. d5 d6 4.
Nc3 g6 5. e4 Bg7 6. Bb5+ Bd7 7.
a4 O-O 8. O-O a6 9. Be2 e5 10.
Nd2 Qc7 11. a5 b5 12. axb6 Qxb6 13. Nc4 Qc7 14. Bd2 a5 15. Na3 a4 16. f3 Qb6 17.
Nc4 Qc7 18. Kh1 Nh5 19. Na3 f5 20. Bb5 Bc8 21. Nc4 f4 22. Rxa4 Rxa4 23. Bxa4 Qe7 24. Kg1 g5 25. Nb5 Rf6 26. Ba5 Na6 27. Qd3 Rh6 28. Ncxd6 Rxd6 29. Nxd6 Qxd6 30. Bb5 Nc7 31. Bxc7 Qxc7 32. d6 Qb6 33. Bc4+ Kf8 34. d7 Bxd7 35. Qxd7 Qf6 36. Ra1 1-0

[Event "*** Titled Tuesday Blitz"]
[Site "Chess.com"]
[Date "2019.04.02"]
[Round "5"]
[White "1995Tiger"]
[Black "NCchamp"]
[Result "0-1"]
[WhiteElo "2047"]
[BlackElo "2184"]
[TimeControl "180+2"]
[EndTime "15:01:59 PDT"]
[Termination "NCchamp won by resignation"]

1. e4 c5 2. Nf3 e6 3. d4 cxd4 4. Nxd4 Nf6 5. Nc3 Nc6 6. Ndb5 Bc5 7. Nd6+ Ke7 8. Nxc8+ Rxc8 9. Bd3 d5 10. O-O dxe4 11.
Nxe4 Nxe4 12. Bxe4 Qxd1 13. Rxd1 Rhd8 14. Bf4 b6 15. c3 a5 16. Kf1 g6 17. Rxd8 Nxd8 18.
a4 f6 19. Rd1 e5 20. Bg3 Ne6 21. Bc2 Rc7 22. f3 Rd7 23. Rxd7+ Kxd7 24. Ke2 Kc6 25. Bb3 Kd6 26. Bc4 f5 27. Be1 Nf4+ 28. Kf1 Nd5 29. g3 Ne3+ 30. Ke2 Nxc4 31. b3 Ne3 32. c4 f4 33. g4 Bb4 34. Bf2 Bc3 35. Bxe3 fxe3 36. Kxe3 Kc5 37. Kd3 Kb4 38. h4 Kxb3 39. h5 gxh5 40. gxh5 Ba1 41. h6 Kxa4 42. Ke4 Kb3 43. Kd5 a4 44. c5 bxc5 45. Ke6 a3 46. Kf7 a2 47. Kg7 e4+ 48. Kxh7 exf3 49. Kg8 f2 50. h7 f1=Q 51. h8=Q Bxh8 52. Kxh8 Qf8+ 0-1

[Event "*** Titled Tuesday Blitz"]
[Site "Chess.com"]
[Date "2019.04.02"]
[Round "5"]
[White "cstevens1"]
[Black "GremioPrudente"]
[Result "1-0"]
[WhiteElo "2710"]
[BlackElo "2060"]
[TimeControl "180+2"]
[EndTime "15:01:59 PDT"]
[Termination "cstevens1 won on time"]

1. e4 e6 2. d4 d5 3. e5 c5 4.
c3 Qb6 5. Nf3 Bd7 6. a3 cxd4 7.
cxd4 Bb5 8. Bxb5+ Qxb5 9. Nc3 Qa6 10. Be3 Nc6 11. Rc1 Rc8 12. Qe2 Qxe2+ 13. Kxe2 Nge7 14. Nb5 Ng6 15. Rc2 a6 16. Nc3 Be7 17. Rhc1 O-O 18. Na4 Na7 19. Nb6 Rxc2+ 20. Rxc2 Nc6 21. g3 Re8 22. h4 Bd8 23. Na4 Nf8 24. Nc5 Na5 25. b4 Nc4 26. Nxb7 Nxa3 27. Rc8 1-0

[Event "*** Titled Tuesday Blitz"]
[Site "Chess.com"]
[Date "2019.04.02"]
[Round "5"]
[White "FairChess_on_YouTube"]
[Black "martinmartinez95"]
[Result "1-0"]
[WhiteElo "3055"]
[BlackElo "2561"]
[TimeControl "180+2"]
[EndTime "15:02:01 PDT"]
[Termination "FairChess_on_YouTube won by resignation"]

1. d4 Nf6 2. c4 g6 3. Nc3 Bg7 4. e4 d6 5. h3 O-O 6. Be3 e5 7. d5 a5 8. Bd3 Nfd7 9. g4 Na6 10.
Nge2 Ndc5 11. Bb1 Bd7 12. Ng3 c6 13. h4 cxd5 14. exd5 f5 15. gxf5 gxf5 16. Nh5 Rf7 17. Rg1 Qxh4 18. Bh6 Qh2 19. Rg5 Re8 20. Bxg7 h6 21.
Bxh6+ Kh7 22. Qg4 Ree7 23. Rg8 Qh1+ 24. Kd2 Rf6 25. Nxf6+ 1-0

[Event "*** Titled Tuesday Blitz"]
[Site "Chess.com"]
[Date "2019.04.02"]
[Round "5"]
[White "lachesisQ"]
[Black "Anahita_Gholami"]
[Result "0-1"]
[WhiteElo "3009"]
[BlackElo "2696"]
[TimeControl "180+2"]
[EndTime "15:02:01 PDT"]
[Termination "Anahita_Gholami won by resignation"]

1. e4 e5 2. Nf3 Nc6 3. Bb5 a6 4. Ba4 Nf6 5. O-O b5 6. Bb3 Bb7 7. d3 Be7 8. Nc3 O-O 9. a3 d6 10. Ne2 Qd7 11. Ng3 Nd8 12. c3 Ne6 13. Re1 Rfe8 14. d4 exd4 15. cxd4 d5 16. Ne5 Qd8 17.
exd5 Bxd5 18. Bc2 c5 19. dxc5 Bxc5 20. Nf5 Qc7 21. b4 Ba7 22. Bb2 Rad8 23. Qc1 Nh5 24. Ng4 Nef4 25. Rxe8+ Rxe8 26. Nxg7 Ne2+ 27. Kh1 Nxc1 28.
Nxe8 Qxc2 0-1

[Event "*** Titled Tuesday Blitz"]
[Site "Chess.com"]
[Date "2019.04.02"]
[Round "5"]
[White "AsaHoffmann"]
[Black "vgyogi"]
[Result "1-0"]
[WhiteElo "2208"]
[BlackElo "2135"]
[TimeControl "180+2"]
[EndTime "15:02:07 PDT"]
[Termination "AsaHoffmann won by resignation"]

1. d4 d5 2. Bg5 f6 3. Bf4 e6 4. Nf3 Bd6 5. Bg3 Ne7 6. c4 Nf5 7.
Nc3 O-O 8. e4 dxe4 9. Nxe4 Bb4+ 10. Nc3 Nc6 11. d5 exd5 12. cxd5 Re8+ 13. Be2 Nxg3 14.
hxg3 Ne5 15. O-O Bxc3 16. bxc3 Kh8 17. c4 Bf5 18. Nd4 Bd7 19. Re1 Nf7 20. Qd2 Re5 21. Nf3 Re7 22. c5 Bg4 23. Rad1 Rd7 24. Bc4 Bxf3 25.
gxf3 Ne5 26. Qf4 b6 27. Bb3 bxc5 28. Qf5 Rd6 29. f4 Nf7 30. Re6 Nh6 31. Qc2 Qf8 32. Qxc5 Rxe6 33. Qxf8+ Rxf8 34. dxe6 Nf5 35. g4 Nd6 36.
Rc1 Rc8 37. Ba4 c5 38. Bd7 Rc7 39. Rd1 Nc4 1-0

[Event "*** Titled Tuesday Blitz"]
[Site "Chess.com"]
[Date "2019.04.02"]
[Round "5"]
[White "larajanzelj"]
[Black "tteshan"]
[Result "0-1"]
[WhiteElo "2343"]
[BlackElo "2213"]
[TimeControl "180+2"]
[EndTime "15:02:07 PDT"]
[Termination "tteshan won by resignation"]

1. d4 d5 2. Nf3 Nf6 3. c4 dxc4 4. e3 Bg4 5. Bxc4 e6 6. Qb3 Bxf3 7. gxf3 Nbd7 8. Nc3 Nb6 9. Be2 Be7 10. O-O O-O 11. Kh1 Rb8 12. Rg1 Kh8 13. a4 Nbd5 14. Ne4 Nxe4 15.
fxe4 Nf6 16. e5 Ne4 17. Rg2 Bh4 18. Kg1 c5 19. Qd3 Ng5 20. Kh1 Nh3 21. Qe4 Nxf2+ 22. Rxf2 Bxf2 23. Bd3 Qh4 24. Qxh4 Bxh4 25. a5 a6 26. Kg2 Rfd8 27. Ra4 Bg5 28. h4 Bh6 29. Rc4 cxd4 30. exd4 Bxc1 31. Rxc1 Rxd4 32. Bb1 Rxh4 33.
Rc7 Kg8 34. Kg3 Rb4 35. Rc2 Rb5 0-1

[Event "*** Titled Tuesday Blitz"]
[Site "Chess.com"]
[Date "2019.04.02"]
[Round "5"]
[White "dreamist"]
[Black "hansen"]
[Result "1-0"]
[WhiteElo "2720"]
[BlackElo "2809"]
[TimeControl "180+2"]
[EndTime "15:02:09 PDT"]
[Termination "dreamist won by resignation"]

1. e4 c5 2. Nf3 e6 3. d4 cxd4 4. Nxd4 a6 5. Bd3 Qc7 6. O-O d6 7. b3 Nf6 8. Bb2 Nbd7 9. c4 b6 10. Nd2 Bb7 11. Qe2 Be7 12. f4 O-O 13. Rae1 g6 14.
e5 dxe5 15. fxe5 Nh5 16. Be4 Nc5 17. Bxb7 Qxb7 18. Qe3 Rad8 19. g4 Ng7 20. Rf3 h5 21.
h3 Rd7 22. Ref1 a5 23. a3 Bh4 24. b4 axb4 25. axb4 Na6 26. Ne4 Nxb4 27. Nf6+ Bxf6 28. exf6 e5 29. fxg7 Re8 30. Qh6 1-0

[Event "*** Titled Tuesday Blitz"]
[Site "Chess.com"]
[Date "2019.04.02"]
[Round "5"]
[White "MaxLeto"]
[Black "SloLev"]
[Result "0-1"]
[WhiteElo "2321"]
[BlackElo "2509"]
[TimeControl "180+2"]
[EndTime "15:02:09 PDT"]
[Termination "SloLev won on time"]

1. e4 e5 2. Nf3 Nc6 3. Bb5 Nge7 4. c3 Ng6 5. d4 exd4 6. cxd4 d5 7. exd5 Qxd5 8. Qe2+ Be6 9. O-O O-O-O 10. Nc3 Nxd4 11. Nxd4 Qxd4 12. Be3 Qe5 13. f4 Qf5 14. Bxa7 c6 15. Ba4 Bc5+ 16. Bxc5 Qxc5+ 17. Qf2 Qxf2+ 18. Rxf2 Nh4 19. Bc2 Rd4 20. f5 Bc4 21. Re1 Rhd8 22. Re7 g6 23.
f6 Be6 0-1

[Event "*** Titled Tuesday Blitz"]
[Site "Chess.com"]
[Date "2019.04.02"]
[Round "5"]
[White "Vice64"]
[Black "Shant_Sargsyan"]
[Result "0-1"]
[WhiteElo "2556"]
[BlackElo "2941"]
[TimeControl "180+2"]
[EndTime "15:02:13 PDT"]
[Termination "Shant_Sargsyan won by resignation"]

1. e4 c6 2. d4 d5 3. exd5 cxd5 4. Bd3 Nf6 5. c3 Nc6 6. Ne2 Bg4 7. O-O e6 8. f3 Bh5 9. Nf4 Bg6 10. Nxg6 hxg6 11.
Qe2 Bd6 12. f4 Qc7 13. Be3 O-O-O 14. Nd2 Ne7 15. g3 Nf5 16. Nf3 Ng4 17. Bxf5 gxf5 18. Rac1 Kb8 19. b3 g5 20. c4 gxf4 21. cxd5 Qa5 22.
Bxf4 Bxf4 23. gxf4 Rdg8 24. Kh1 Qxd5 25. Rc5 Qd6 26.
Qd2 Rh3 27. Rc2 Qd5 28. Qg2 Rgh8 29. Kg1 Ne3 30. Rc5 Qd6 31. Qe2 Nxf1 32. Kxf1 Qxf4 33. Qe5+ Qxe5 34. Nxe5 Rxh2 35. d5 Rxa2 36. Kg1 exd5 37. Nd7+ Ka8 38. Rxd5 Rg8+ 39. Kf1 Rc8 40. Rd1 Rac2 41.
b4 Rc1 0-1

[Event "*** Titled Tuesday Blitz"]
[Site "Chess.com"]
[Date "2019.04.02"]
[Round "5"]
[White "Didici"]
[Black "ChainsOfFantasia"]
[Result "0-1"]
[WhiteElo "2597"]
[BlackElo "2448"]
[TimeControl "180+2"]
[EndTime "15:02:13 PDT"]
[Termination "ChainsOfFantasia won by resignation"]

1. d4 Nf6 2. c4 e6 3. Nc3 d5 4.
cxd5 exd5 5. Bg5 Be7 6. e3 c6 7. Qc2 Nbd7 8. Bd3 Nh5 9. Bxe7 Qxe7 10. Nge2 g6 11. O-O O-O 12. Rae1 f5 13. Nc1 Ndf6 14.
Nb3 b6 15. f3 c5 16. e4 c4 17. Nxd5 Nxd5 18. Bxc4 Nf6 19. exd5 Qd6 20. Nc1 Bd7 21.
Nd3 Rac8 22. Qb3 b5 23. Bxb5 Rb8 24. Bxd7 Rxb3 25. Be6+ Kg7 26. axb3 Nxd5 27. Kh1 Nf6 28. Bc4 Qxd4 29. Re7+ Kh6 30. Ne5 Nd5 31. Nf7+ Kg7 32. Nd6+ Nxe7 0-1

[Event "*** Titled Tuesday Blitz"]
[Site "Chess.com"]
[Date "2019.04.02"]
[Round "5"]
[White "Last7Samurai"]
[Black "Rap_woyska"]
[Result "1-0"]
[WhiteElo "2740"]
[BlackElo "2542"]
[TimeControl "180+2"]
[EndTime "15:02:14 PDT"]
[Termination "Last7Samurai won by resignation"]

1. e4 c5 2. c3 e6 3. d4 d5 4. exd5 Qxd5 5. Nf3 Nf6 6. a3 Be7 7. Be3 cxd4 8. cxd4 O-O 9. Nc3 Qd6 10. Bd3 Nc6 11. O-O b6 12. Qe2 Bb7 13. Rad1 Rac8 14. Rfe1 Rfd8 15. Bb1 Qb8 16. Ba2 Na5 17. Ne5 Nd5 18. Bd2 Nxc3 19. Bxc3 Rf8 20. Nxf7 Rxf7 21. Qxe6 Qf4 22.
Re2 Bf8 23. Rde1 Rc7 24. Qe8 Ba6 25. Qxf8+ 1-0

[Event "*** Titled Tuesday Blitz"]
[Site "Chess.com"]
[Date "2019.04.02"]
[Round "5"]
[White "Koksal06"]
[Black "saraswathii"]
[Result "1-0"]
[WhiteElo "2238"]
[BlackElo "2222"]
[TimeControl "180+2"]
[EndTime "15:02:14 PDT"]
[Termination "Koksal06 won by resignation"]

1. d4 Nf6 2. c4 d6 3. Nc3 g6 4. e4 Bg7 5. f3 O-O 6. Be3 Nbd7 7. Qd2 e5 8. Nge2 exd4 9. Nxd4 Re8 10.
Be2 Nb6 11. O-O Nfd7 12. Rac1 Ne5 13. b3 Bd7 14. Rfd1 Qe7 15. a4 a5 16. Ndb5 Bxb5 17. Nxb5 Nc8 18. Bf2 Rd8 19. c5 Bf8 20. cxd6 cxd6 21.
Nc7 Rb8 22. Nd5 Qe6 23. Qxa5 Ne7 24. Nf4 Qf6 25. Nd5 Nxd5 26. Qxd5 Nc6 27. Bb5 Ne5 28. Bb6 Rdc8 29. Be2 Nd7 30. Bd4 Qe6 31. Rxc8 Rxc8 32.
Qxb7 Rb8 33. Qa6 Qxb3 34. Qc4 Qb7 35. a5 Rc8 36. Qd5 Qxd5 1-0

[Event "*** Titled Tuesday Blitz"]
[Site "Chess.com"]
[Date "2019.04.02"]
[Round "5"]
[White "nabukatnezarr"]
[Black "DrRiebert"]
[Result "0-1"]
[WhiteElo "2564"]
[BlackElo "2567"]
[TimeControl "180+2"]
[EndTime "15:02:15 PDT"]
[Termination "DrRiebert won by resignation"]

1. e4 c5 2. Nc3 a6 3. d4 cxd4 4. Qxd4 Nc6 5. Qd2 b5 6. b3 Bb7 7. Bb2 d6 8. O-O-O e6 9. Kb1 Qc7 10. g4 Nf6 11. g5 Nd7 12. f4 Be7 13. h4 Nc5 14. Bg2 O-O-O 15. h5 h6 16. Bh3 Kb8 17. Nd5 exd5 18. exd5 hxg5 19. dxc6 Qxc6 20. Rh2 Ne4 21. Qe1 gxf4 22. Bg2 d5 23. Bxg7 Bf6 24. Bxh8 Bxh8 25. Bxe4 Qf6 26. c3 dxe4 27. Rxd8+ Qxd8 28. Rd2 Qc7 29.
Rc2 e3 30. Ka1 b4 31. Ne2 f3 32. Nd4 Bxd4 33. cxd4 Qxc2 34. Qg3+ Ka7 0-1

[Event "*** Titled Tuesday Blitz"]
[Site "Chess.com"]
[Date "2019.04.02"]
[Round "5"]
[White "robbykevlishvili"]
[Black "Firouzja2003"]
[Result "1-0"]
[WhiteElo "2854"]
[BlackElo "3078"]
[TimeControl "180+2"]
[EndTime "15:02:18 PDT"]
[Termination "robbykevlishvili won on time"]

1. e4 c5 2. Nf3 d6 3. d4 cxd4 4. Nxd4 Nf6 5. Nc3 a6 6. h4 e5 7. Nb3 Be6 8. f4 exf4 9. Bxf4 Nc6 10. Qd2 d5 11. O-O-O Bb4 12. Bg5 Nxe4 13. Qe3 Nxg5 14. Nxd5 Bd6 15. hxg5 Kf8 16. Nb6 Rb8 17. Bc4 Qc7 18.
Rhf1 Nb4 19. Nd7+ Ke8 20. Nbc5 Bxc5 21. Nxc5 Qb6 22. Rxf7 1-0

[Event "*** Titled Tuesday Blitz"]
[Site "Chess.com"]
[Date "2019.04.02"]
[Round "5"]
[White "Aemulus20"]
[Black "area_5"]
[Result "0-1"]
[WhiteElo "2502"]
[BlackElo "2685"]
[TimeControl "180+2"]
[EndTime "15:02:19 PDT"]
[Termination "area_5 won by checkmate"]

1. e4 g6 2. d4 Bg7 3. Nc3 c6 4. Nf3 d5 5. h3 Nh6 6. Bd3 f6 7. Qe2 Nf7 8. e5 fxe5 9. Nxe5 Nxe5 10. dxe5 Nd7 11. f4 Nc5 12. O-O O-O 13. Kh1 b5 14. a4 b4 15. Nd1 b3 16. Be3 d4 17.
Bc4+ Kh8 18. Bg1 Rb8 19. cxb3 Nxb3 20. Ra3 Na5 21. Bd3 c5 22. Nf2 c4 23. Bxc4 Nxc4 24. Qxc4 Rxf4 25. Rd1 Bb7 26. Nd3 Bd5 27. Qc5 Rh4 28.
Nb4 Ba8 29. Nc6 Qc8 30. Qxe7 Qxc6 31. Qxh4 Qxg2# 0-1

[Event "*** Titled Tuesday Blitz"]
[Site "Chess.com"]
[Date "2019.04.02"]
[Round "5"]
[White "Zhuu96"]
[Black "Cruel_Yaro"]
[Result "1-0"]
[WhiteElo "2968"]
[BlackElo "2679"]
[TimeControl "180+2"]
[EndTime "15:02:20 PDT"]
[Termination "Zhuu96 won by resignation"]

1. e4 e5 2. Nf3 Nf6 3. Nxe5 d6 4.
Nf3 Nxe4 5. Nc3 Nxc3 6. dxc3 Be7 7. Be3 O-O 8. Qd2 Qe8 9. O-O-O Qa4 10. Kb1 Nc6 11.
Bd3 Be6 12. b3 Qa5 13. Ng5 Bxg5 14. Bxg5 Bf5 15. b4 Qd5 16. c4 Qe6 17. Rhe1 Qg6 18. Bf4 Bxd3 19. cxd3 Rfe8 20. Bg3 h5 21. b5 Nd4 22. f3 a6 23. Re4 Nf5 24. Qe1 Re6 25. Rxe6 fxe6 26. Qe4 Rb8 27. Re1 Kf7 28. Bf2 axb5 29.
cxb5 d5 30. Qf4 Kg8 31. Qxc7 Qe8 32. Qb6 1-0

[Event "*** Titled Tuesday Blitz"]
[Site "Chess.com"]
[Date "2019.04.02"]
[Round "5"]
[White "Andreikka"]
[Black "PaulfromSPb"]
[Result "1-0"]
[WhiteElo "2867"]
[BlackElo "2650"]
[TimeControl "180+2"]
[EndTime "15:02:22 PDT"]
[Termination "Andreikka won by resignation"]

1. d4 Nf6 2. Nf3 e6 3. c4 b6 4. g3 Ba6 5. Qc2 c5 6. d5 exd5 7. cxd5 Bb7 8. Bg2 Nxd5 9. O-O Nc7 10. e4 Nc6 11. Nc3 Be7 12. Be3 O-O 13. Rad1 Qe8 14. Rfe1 Rd8 15. h4 f6 16. a3 Qf7 17. Nd5 Ne6 18. Qc3 Rfe8 19. e5 fxe5 20. Nxe5 Nxe5 21.
Qxe5 Bf8 22. Qc3 Nd4 23. Bxd4 Rxe1+ 24. Qxe1 Re8 25. Be3 Re5 26. Qd2 h6 27. Qd3 a6 28.
b4 cxb4 29. axb4 a5 30. bxa5 bxa5 31. Qb5 Bc6 32. Qxa5 Kh8 33. Qd2 Rf5 34. Qd3 Re5 35.
Nf4 Kg8 36. Bxc6 dxc6 37. Rc1 c5 38. Qc4 Qxc4 39. Rxc4 Kf7 40. Nd3 1-0